Map: Deathaura LE

Players

SpeCial - Winner!

  • Race: Terran Terran
  • League: Master
  • Spawn Location: 11:00

Lambo

  • Race: Zerg Zerg
  • Spawn Location: 5:00

Event: War Chest Team League

VOD

Have the link to the VOD?

Description

Time

  • Played on: Aug. 7, 2020, 9:18 a.m.
  • Length: 10:17
Show
View Real Time Build Order
Export as new Build Order

SpeCial Terran - Winner!

Build Orders: Hellion Opening, Reaper Expand 

Get SALT Encoding   

  12  0:00  SCV  
  13  0:12  SCV  
  14  0:17  Supply Depot  
  14  0:24  SCV  
  15  0:38  SCV  
  15  0:40  Barracks  
  16  0:43  Refinery  
  16  0:50  SCV  
  17  1:02  SCV  
  18  1:15  SCV  
  19  1:27  Reaper  
  19  1:28  Orbital Command  
  20  1:38  Command Center  
  20  1:46  Supply Depot  
  20  1:54  SCV  
  21  1:59  Marine  
  22  2:03  Factory  
  22  2:06  SCV  
  23  2:12  Refinery  
  23  2:18  SCV  
  23  2:22  Barracks Reactor  
  24  2:30  SCV  
  25  2:42  SCV  
  26  2:51  Orbital Command  
  26  2:52  Starport  
  26  3:00  SCV  
  26  3:04  Hellion  
  26  3:05  Hellion  
  31  3:06  Barracks Tech Lab  
  31  3:13  SCV  
  31  3:18  SCV  
  33  3:22  Supply Depot  
  33  3:25  SCV  
  33  3:26  Hellion x2  
  38  3:30  SCV  
  38  3:33  Marine  
  40  3:34  Raven  
  40  3:37  SCV  
  43  3:42  SCV  
  43  3:45  Supply Depot  
  43  3:48  Hellion x2  
  48  3:49  SCV  
  48  3:54  SCV  
  50  4:00  Barracks Tech Lab  
  50  4:01  SCV  
  51  4:06  SCV  
  51  4:07  Command Center  
  52  4:10  Supply Depot  
  52  4:13  Hellion  
  52  4:15  Hellion  
  56  4:17  SCV  
  56  4:19  Raven  
  56  4:24  Marine  
  60  4:27  SCV  
  60  4:29  SCV  
  62  4:33  Supply Depot  
  62  4:43  Marine  
  62  4:45  Barracks  
  63  4:47  Stimpack  
  63  4:48  SCV  
  63  4:51  Barracks, Factory Reactor  
  63  4:52  SCV  
  65  4:56  Supply Depot  
  65  5:00  Marine, SCV  
  65  5:04  SCV  
  64  5:13  SCV  
  57  5:16  SCV  
  57  5:17  Engineering Bay x2  
  57  5:18  Marine  
  54  5:25  SCV  
  54  5:27  Orbital Command  
  54  5:28  SCV  
  56  5:30  Starport Reactor  
  56  5:36  Marine  
  56  5:37  SCV  
  56  5:42  Orbital Command  
  58  5:44  Marine x2  
  58  5:46  Terran Infantry Armor Level 1, Terran Infantry Weapons Level 1  
  58  5:47  Refinery  
  58  5:48  Refinery  
  60  5:54  Marine x3  
  66  5:57  Barracks  
  66  5:58  SCV x2  
  66  5:59  Supply Depot  
  66  6:00  Barracks  
  66  6:01  Marine  
  66  6:02  Marine  
  67  6:10  SCV x3  
  70  6:11  Marine x2  
  70  6:12  Marine  
  70  6:16  Medivac x2  
  77  6:19  Marine x2  
  77  6:21  Supply Depot  
  77  6:22  SCV x3  
  77  6:24  Siege Tank  
  85  6:29  Marine x3  
  88  6:34  SCV x3  
  88  6:37  Marine x2  
  93  6:41  Refinery  
  93  6:45  Supply Depot  
  93  6:46  Supply Depot x2, SCV  
  94  6:47  Marine x3  
  94  6:48  Barracks Reactor x2  
  94  6:50  Combat Shield  
  94  6:52  SCV x2  
  99  6:55  Marine x2  
  99  6:58  SCV  
  99  7:00  Siege Tank  
  105  7:05  Marine x3  
  108  7:11  Barracks  
  108  7:13  Marine x2  
  108  7:14  Barracks  
  110  7:16  Barracks  
  110  7:22  Medivac x2  
  112  7:23  Marine  
  112  7:26  Marine x2  
  112  7:27  Marine x4  
  119  7:32  Siege Tank  
  119  7:34  Armory  
  119  7:36  Supply Depot  
  123  7:37  SCV x3  
  123  7:44  Marine x4  
  125  7:47  Supply Depot  
  125  7:49  SCV  
  130  7:51  SCV x2  
  130  7:57  Missile Turret  
  132  7:59  Marine x5  
  132  8:01  SCV  
  132  8:03  Supply Depot, SCV x2  
  132  8:04  Siege Tank  
  143  8:12  Medivac x2  
  145  8:17  Missile Turret  
  145  8:18  Missile Turret  
  145  8:20  Marine x12  
  157  8:38  Marine x8  
  165  8:43  Supply Depot  
  165  8:44  Supply Depot  
  165  8:45  Marine x4  
  169  8:50  Siege Tank  
  172  8:55  Marine  
  173  9:04  Marine x7  
  173  9:07  Medivac x2, Marine x2  
  173  9:08  Marine x2  
  188  9:13  Marine  
  189  9:22  Marine x4  
  189  9:29  Marine x2  
  189  9:30  Marine  
  189  9:31  Marine x4  
  189  9:32  Marine, Siege Tank  
  161  9:40  Marine x4  
  162  9:47  Marine x2  
  162  9:48  Command Center, Marine  
  162  9:49  Marine x5  
  164  9:58  Marine x4  
Show
View Real Time Build Order
Export as new Build Order

Lambo Zerg 

Build Orders: Hatch First, Muta Ling Bane 

Get SALT Encoding   

  12  0:00  Drone  
  13  0:13  Overlord  
  13  0:17  Drone  
  14  0:32  Drone x2  
  16  0:47  Hatchery  
  15  0:50  Drone  
  15  0:54  Drone  
  17  0:58  Drone  
  18  1:09  Extractor  
  17  1:12  Spawning Pool  
  17  1:15  Drone  
  17  1:19  Drone  
  18  1:30  Drone  
  19  1:39  Drone  
  20  1:53  Overlord  
  20  1:59  Queen x2  
  20  2:00  Zergling x2  
  25  2:01  Zergling x2  
  26  2:10  Drone  
  26  2:12  Metabolic Boost, Drone  
  28  2:23  Drone x2  
  30  2:35  Hatchery  
  29  2:37  Drone  
  30  2:51  Drone x2, Pneumatized Carapace  
  31  2:55  Drone  
  31  2:56  Overlord  
  32  3:01  Drone  
  33  3:11  Drone x3  
  36  3:14  Queen  
  36  3:17  Overlord  
  38  3:23  Drone x2  
  38  3:24  Drone  
  38  3:26  Drone  
  42  3:33  Drone  
  43  3:35  Queen  
  45  3:43  Drone x3  
  45  3:45  Overlord  
  48  3:52  Drone x3  
  48  3:54  Queen  
  53  3:56  Queen  
  55  4:03  Overlord  
  55  4:06  Zergling x4  
  57  4:13  Overlord  
  57  4:14  Zergling x6  
  60  4:21  Drone x3  
  60  4:22  Lair  
  63  4:24  Overlord  
  63  4:26  Drone  
  63  4:29  Baneling Nest, Drone  
  63  4:30  Drone  
  65  4:31  Drone  
  65  4:35  Queen  
  68  4:39  Drone  
  68  4:40  Spore Crawler  
  68  4:43  Drone x3  
  71  4:46  Drone  
  71  4:47  Zergling x2  
  73  4:54  Drone x4  
  73  4:56  Drone  
  79  5:01  Overlord  
  79  5:06  Drone x3  
  78  5:11  Drone x3  
  77  5:16  Drone x3  
  77  5:20  Extractor  
  78  5:22  Drone x2  
  78  5:23  Extractor  
  78  5:24  Drone  
  79  5:29  Centrifical Hooks  
  79  5:33  Drone x2  
  77  5:37  Drone  
  77  5:42  Hatchery, Drone  
  77  5:44  Extractor  
  77  5:45  Extractor  
  77  5:48  Evolution Chamber  
  77  5:49  Evolution Chamber  
  73  5:53  Overlord  
  73  5:54  Drone x6  
  79  5:59  Extractor  
  79  6:01  Drone  
  79  6:04  Drone x3  
  81  6:05  Drone  
  81  6:07  Drone  
  81  6:10  Drone  
  85  6:12  Drone x2  
  85  6:13  Drone  
  85  6:16  Spire  
  87  6:23  Zergling x10  
  87  6:25  Zerg Melee Weapons Level 1, Zerg Ground Armor Level 1  
  92  6:31  Zergling x4  
  93  6:36  Zergling x8  
  95  6:42  Zergling x8  
  100  6:47  Zergling x4  
  100  6:51  Baneling x5  
  100  6:52  Zergling x2  
  100  6:53  Zergling x6  
  105  6:55  Overlord  
  105  6:57  Zergling x2  
  106  7:08  Drone x6  
  112  7:16  Overlord  
  112  7:19  Zergling x18  
  114  7:30  Zerg Flyer Weapons Level 1, Mutalisk x2  
  114  7:31  Overlord  
  114  7:34  Extractor, Overlord  
  114  7:35  Overlord  
  114  7:36  Overlord  
  117  7:37  Baneling x2  
  117  7:38  Baneling  
  117  7:39  Overlord  
  117  7:42  Overlord  
  117  7:46  Hatchery, Mutalisk x5  
  117  7:49  Mutalisk x3  
  117  7:50  Overlord  
  132  7:56  Mutalisk  
  132  7:58  Zergling x14  
  141  8:12  Overlord x2  
  141  8:16  Drone x13  
  156  8:27  Zergling x12  
  156  8:28  Zergling x2  
  156  8:29  Baneling x2  
  156  8:31  Overlord, Hatchery  
  162  8:35  Infestation Pit  
  162  8:37  Zergling x8  
  165  8:41  Baneling x7  
  165  8:44  Baneling x6  
  165  8:45  Zergling x4  
  165  8:48  Overlord  
  166  8:50  Overlord  
  166  8:51  Zergling x4  
  166  8:53  Baneling x3  
  166  9:03  Queen  
  166  9:04  Mutalisk x4  
  166  9:07  Zergling x16  
  166  9:09  Baneling x5  
  181  9:15  Zergling x14  
  188  9:23  Zergling x10  
  191  9:26  Zergling x6  
  180  9:33  Zergling x8  
  156  9:41  Zergling x20  
  156  9:43  Baneling x20  
  156  9:44  Zergling x2  
  150  9:47  Zergling x4  
  150  9:52  Zergling x8  
  142  9:55  Zergling x2  
  142  9:59  Zergling x4  
Tags
 
Add a new tag
Caveats
  • Supply blocks, unpowered buildings, or Contaminate may cause inaccurate times.
  • Supply counts are checked every 10 seconds.